[ AOE2 MATCH · #464166350 ]
UnrankedPersians vs Italians
[ REPLAY ANALYSIS · EXTRACTED FROM THE RECORDED GAME ]
Feudal
—
Castle
—
Imperial
—
| APM avg | 17.1 |
| APM peak | 35 |
| eAPM avg | 16.2 |
| Villagers / military | 195 / 105 |
Focus
⚔️ 24.3% · 🌾 75.7%
War Elephant ×95 · Trade Cart ×30 · Trebuchet (Packed) ×10
Feudal
—
Castle
—
Imperial
—
| APM avg | 23.7 |
| APM peak | 55 |
| eAPM avg | 22.4 |
| Villagers / military | 79 / 132 |
Focus
⚔️ 43.6% · 🌾 56.4%
Hussite Wagon ×104 · Trebuchet (Packed) ×28
Feudal
—
Castle
—
Imperial
—
| APM avg | 43.9 |
| APM peak | 341 |
| eAPM avg | 42.3 |
| Villagers / military | 19 / 0 |
Focus
⚔️ 0.0% · 🌾 100.0%
Feudal
—
Castle
—
Imperial
—
| APM avg | 30.3 |
| APM peak | 67 |
| eAPM avg | 29.4 |
| Villagers / military | 80 / 193 |
Focus
⚔️ 56.3% · 🌾 43.7%
Trade Cart ×44 · Cavalry Archer ×42 · Conquistador ×40 · Knight ×38 · Spearman ×31 · Hand Cannoneer ×20
Feudal
—
Castle
—
Imperial
—
| APM avg | 17.6 |
| APM peak | 44 |
| eAPM avg | 15.9 |
| Villagers / military | 66 / 140 |
Focus
⚔️ 35.7% · 🌾 64.3%
Knight ×125 · Trade Cart ×59 · Throwing Axeman ×15
Feudal
—
Castle
—
Imperial
—
| APM avg | 15.6 |
| APM peak | 51 |
| eAPM avg | 13.9 |
| Villagers / military | 18 / 134 |
Focus
⚔️ 80.3% · 🌾 19.7%
Knight ×71 · Samurai ×48 · Scorpion ×15
Match map
Initial resources + every placement click. Lines = walls · curves = elevation contours. ◆ gold · ⬟ stone · ● berries · ✦ relic · ◌ wall gap
Inputs per minute
— HILLBILLY1111 - - jw600345
Build order — HILLBILLY1111
First 150 of 177 actions detected
| 0:03 | Create | Villager (Male) ×5 |
| 0:04 | Create | Villager (Male) ×5 |
| 0:04 | Create | Villager (Male) ×5 |
| 0:04 | Create | Villager (Male) ×5 |
| 0:10 | Build | House |
| 0:16 | Build | Town Center |
| 0:20 | Build | Town Center |
| 0:23 | Build | Town Center |
| 0:26 | Build | Town Center |
| 0:30 | Build | Town Center |
| 0:51 | Create | Villager (Male) |
| 1:22 | Build | House |
| 1:23 | Build | House |
| 1:23 | Build | House |
| 1:23 | Build | House |
| 1:24 | Build | House |
| 1:50 | Create | Villager (Male) ×5 |
| 1:50 | Create | Villager (Male) ×5 |
| 1:50 | Create | Villager (Male) ×5 |
| 1:51 | Create | Villager (Male) ×3 |
| 2:49 | Create | Villager (Male) ×5 |
| 2:49 | Create | Villager (Male) ×5 |
| 2:49 | Create | Villager (Male) ×5 |
| 2:50 | Create | Villager (Male) ×5 |
| 2:50 | Create | Villager (Male) ×5 |
| 3:25 | Build | Market |
| 3:29 | Build | Market |
| 3:32 | Build | Market |
| 3:40 | Create | Villager (Male) ×5 |
| 3:40 | Create | Villager (Male) ×5 |
| 3:40 | Create | Villager (Male) ×5 |
| 3:40 | Create | Villager (Male) ×5 |
| 3:40 | Create | Villager (Male) ×2 |
| 3:49 | Build | Farm |
| 3:53 | Build | Farm |
| 4:07 | Create | Villager (Male) ×4 |
| 4:21 | Build | Town Center |
| 4:39 | Build | Farm |
| 4:45 | Build | Farm |
| 5:47 | Build | Castle |
| 5:49 | Build | Castle |
| 5:51 | Build | Castle |
| 5:54 | Build | Castle |
| 5:57 | Build | Castle |
| 6:04 | Build | Castle |
| 6:11 | Create | Villager (Male) ×5 |
| 6:11 | Create | Villager (Male) ×5 |
| 6:12 | Create | Villager (Male) ×5 |
| 6:12 | Create | Villager (Male) ×5 |
| 6:12 | Create | Villager (Male) ×5 |
| 6:12 | Create | Villager (Male) ×5 |
| 6:13 | Create | Villager (Male) ×5 |
| 6:13 | Create | Villager (Male) ×5 |
| 6:13 | Create | Villager (Male) ×5 |
| 6:13 | Create | Villager (Male) ×5 |
| 6:14 | Create | Villager (Male) ×5 |
| 6:20 | Build | Mining Camp |
| 6:24 | Build | House |
| 6:25 | Build | House |
| 6:25 | Build | House |
| 6:26 | Build | House |
| 6:26 | Build | House |
| 6:27 | Build | House |
| 6:28 | Build | House |
| 6:28 | Build | House |
| 6:47 | Build | Lumber Camp |
| 7:14 | Build | Farm |
| 7:16 | Build | Farm |
| 7:18 | Build | Farm |
| 7:30 | Build | Farm |
| 7:33 | Build | Farm |
| 7:36 | Build | Farm |
| 7:41 | Build | Farm |
| 7:43 | Build | Farm |
| 8:06 | Create | Trade Cart ×5 |
| 8:07 | Create | Trade Cart ×5 |
| 8:07 | Create | Trade Cart ×5 |
| 8:07 | Create | Trade Cart ×5 |
| 8:08 | Create | Trade Cart ×5 |
| 8:08 | Create | Trade Cart ×5 |
| 8:31 | Create | Villager (Male) ×5 |
| 8:32 | Create | Villager (Male) ×5 |
| 8:32 | Create | Villager (Male) ×5 |
| 8:32 | Create | Villager (Male) ×5 |
| 8:32 | Create | Villager (Male) ×5 |
| 8:33 | Create | Villager (Male) ×5 |
| 8:33 | Create | Villager (Male) ×5 |
| 8:33 | Create | Villager (Male) ×5 |
| 8:33 | Create | Villager (Male) ×5 |
| 8:43 | Build | Farm |
| 8:45 | Build | Farm |
| 8:47 | Build | Farm |
| 9:15 | Build | Farm |
| 9:16 | Build | Farm |
| 9:20 | Build | Farm |
| 9:21 | Build | Farm |
| 9:22 | Build | Farm |
| 9:24 | Build | Farm |
| 9:25 | Build | Farm |
| 9:27 | Build | Farm |
| 9:29 | Build | Farm |
| 9:31 | Build | Farm |
| 9:39 | Create | Trebuchet (Packed) ×5 |
| 9:40 | Create | War Elephant ×5 |
| 9:41 | Create | War Elephant ×5 |
| 9:41 | Create | War Elephant ×5 |
| 9:41 | Create | War Elephant ×5 |
| 9:41 | Create | War Elephant ×5 |
| 9:42 | Create | War Elephant ×5 |
| 10:14 | Build | House |
| 10:17 | Build | House |
| 10:19 | Build | House |
| 10:20 | Build | House |
| 10:21 | Build | House |
| 10:22 | Build | House |
| 10:37 | Create | War Elephant ×5 |
| 10:38 | Create | War Elephant ×5 |
| 10:38 | Create | War Elephant ×5 |
| 10:38 | Create | War Elephant ×5 |
| 10:38 | Create | War Elephant ×5 |
| 10:39 | Create | War Elephant ×5 |
| 10:39 | Create | War Elephant ×5 |
| 11:11 | Build | Castle |
| 11:14 | Build | Castle |
| 11:23 | Create | Trebuchet (Packed) ×5 |
| 11:25 | Create | War Elephant ×5 |
| 11:25 | Create | War Elephant ×5 |
| 11:51 | Build | Mill |
| 12:07 | Build | Farm |
| 12:07 | Build | Farm |
| 12:07 | Build | Farm |
| 12:07 | Build | Farm |
| 12:07 | Build | Farm |
| 12:08 | Build | Farm |
| 12:08 | Build | Farm |
| 12:09 | Build | Farm |
| 12:09 | Build | Farm |
| 12:09 | Build | Farm |
| 12:09 | Build | Farm |
| 12:10 | Build | Farm |
| 12:10 | Build | Farm |
| 12:10 | Build | Farm |
| 12:10 | Build | Farm |
| 12:11 | Build | Farm |
| 12:11 | Build | Farm |
| 12:11 | Build | Farm |
| 12:12 | Build | Farm |
| 12:37 | Build | Mill |
| 12:51 | Build | Mining Camp |
| 13:16 | Build | Farm |
Build order — jw600345
First 150 of 285 actions detected
| 0:08 | Build | House |
| 0:09 | Build | House |
| 0:10 | Build | House |
| 0:11 | Build | House |
| 0:13 | Build | House |
| 0:15 | Create | Villager (Male) |
| 0:15 | Create | Villager (Male) |
| 0:15 | Create | Villager (Male) |
| 0:15 | Create | Villager (Male) |
| 0:16 | Create | Villager (Male) |
| 0:44 | Build | House |
| 0:46 | Build | House |
| 0:47 | Build | House |
| 0:48 | Build | House |
| 0:49 | Build | House |
| 0:52 | Build | House |
| 0:53 | Build | House |
| 0:55 | Build | House |
| 0:56 | Build | House |
| 0:57 | Build | House |
| 0:58 | Build | House |
| 0:59 | Build | House |
| 1:00 | Build | House |
| 1:01 | Build | House |
| 1:07 | Build | House |
| 1:08 | Build | House |
| 1:09 | Build | House |
| 1:10 | Build | House |
| 1:12 | Build | House |
| 1:13 | Build | House |
| 1:16 | Build | House |
| 1:44 | Build | Town Center |
| 2:08 | Build | Market |
| 2:09 | Build | Market |
| 2:20 | Build | House |
| 2:22 | Build | House |
| 2:23 | Build | House |
| 2:25 | Build | House |
| 2:26 | Build | House |
| 2:27 | Build | House |
| 2:29 | Build | House |
| 2:31 | Build | House |
| 2:33 | Build | House |
| 2:35 | Build | House |
| 2:40 | Create | Villager (Male) |
| 2:40 | Create | Villager (Male) |
| 2:41 | Create | Villager (Male) |
| 2:41 | Create | Villager (Male) |
| 2:41 | Create | Villager (Male) |
| 2:42 | Create | Villager (Male) |
| 2:42 | Create | Villager (Male) |
| 2:42 | Create | Villager (Male) |
| 2:43 | Create | Villager (Male) |
| 2:43 | Create | Villager (Male) |
| 2:43 | Create | Villager (Male) |
| 2:43 | Create | Villager (Male) |
| 2:43 | Create | Villager (Male) |
| 2:44 | Create | Villager (Male) |
| 2:44 | Create | Villager (Male) |
| 2:44 | Create | Villager (Male) |
| 2:52 | Build | Mining Camp |
| 3:06 | Build | House |
| 3:07 | Build | House |
| 3:09 | Build | House |
| 3:10 | Build | House |
| 3:12 | Build | House |
| 3:37 | Create | Villager (Male) |
| 3:37 | Create | Villager (Male) |
| 3:38 | Create | Villager (Male) |
| 3:38 | Create | Villager (Male) |
| 3:38 | Create | Villager (Male) |
| 3:38 | Create | Villager (Male) |
| 3:39 | Create | Villager (Male) |
| 3:39 | Create | Villager (Male) |
| 3:39 | Create | Villager (Male) |
| 3:39 | Create | Villager (Male) |
| 3:39 | Create | Villager (Male) |
| 3:40 | Create | Villager (Male) |
| 3:40 | Create | Villager (Male) |
| 3:40 | Create | Villager (Male) |
| 3:40 | Create | Villager (Male) |
| 3:40 | Create | Villager (Male) |
| 3:54 | Build | Castle |
| 3:55 | Build | Castle |
| 4:00 | Build | Castle |
| 4:05 | Build | Castle |
| 4:42 | Build | Bombard Tower |
| 4:43 | Build | Bombard Tower |
| 4:45 | Build | Bombard Tower |
| 4:46 | Build | Bombard Tower |
| 4:47 | Build | Bombard Tower |
| 4:48 | Build | Bombard Tower |
| 4:55 | Build | Bombard Tower |
| 5:22 | Build | Bombard Tower |
| 5:24 | Build | Bombard Tower |
| 5:26 | Build | Bombard Tower |
| 5:29 | Build | Bombard Tower |
| 5:34 | Build | Bombard Tower |
| 5:36 | Build | Bombard Tower |
| 5:38 | Build | Bombard Tower |
| 5:40 | Build | Bombard Tower |
| 5:42 | Build | Bombard Tower |
| 5:43 | Build | Bombard Tower |
| 5:45 | Build | Bombard Tower |
| 5:46 | Build | Bombard Tower |
| 6:15 | Build | Market |
| 6:43 | Create | Villager (Male) |
| 6:44 | Create | Villager (Male) |
| 6:44 | Create | Villager (Male) |
| 6:44 | Create | Villager (Male) |
| 6:44 | Create | Villager (Male) |
| 6:45 | Create | Villager (Male) |
| 6:45 | Create | Villager (Male) |
| 7:09 | Create | Hussite Wagon |
| 7:10 | Create | Hussite Wagon |
| 7:10 | Create | Hussite Wagon |
| 7:10 | Create | Hussite Wagon |
| 7:10 | Create | Hussite Wagon |
| 7:10 | Create | Hussite Wagon |
| 7:11 | Create | Hussite Wagon |
| 7:11 | Create | Hussite Wagon |
| 7:11 | Create | Hussite Wagon |
| 7:11 | Create | Hussite Wagon |
| 7:12 | Create | Hussite Wagon |
| 7:12 | Create | Hussite Wagon |
| 7:12 | Create | Hussite Wagon |
| 7:12 | Create | Hussite Wagon |
| 7:13 | Create | Hussite Wagon |
| 7:13 | Create | Hussite Wagon |
| 7:17 | Create | Hussite Wagon |
| 7:17 | Create | Hussite Wagon |
| 7:17 | Create | Hussite Wagon |
| 7:18 | Create | Hussite Wagon |
| 7:18 | Create | Hussite Wagon |
| 7:18 | Create | Hussite Wagon |
| 7:18 | Create | Hussite Wagon |
| 7:19 | Create | Hussite Wagon |
| 7:19 | Create | Hussite Wagon |
| 7:19 | Create | Hussite Wagon |
| 7:19 | Create | Hussite Wagon |
| 7:19 | Create | Hussite Wagon |
| 7:20 | Create | Hussite Wagon |
| 7:20 | Create | Hussite Wagon |
| 7:20 | Create | Hussite Wagon |
| 7:22 | Create | Hussite Wagon |
| 7:22 | Create | Hussite Wagon |
| 7:23 | Create | Hussite Wagon |
| 7:23 | Create | Hussite Wagon |
| 7:23 | Create | Hussite Wagon |
| 7:23 | Create | Hussite Wagon |
Build order — FeRcHuZ
33 actions detected in the replay
| 0:05 | Create | Villager (Male) |
| 0:05 | Create | Villager (Male) |
| 0:06 | Create | Villager (Male) |
| 0:06 | Create | Villager (Male) |
| 0:06 | Create | Villager (Male) |
| 0:06 | Create | Villager (Male) |
| 0:06 | Create | Villager (Male) |
| 0:07 | Create | Villager (Male) |
| 0:07 | Create | Villager (Male) |
| 0:07 | Create | Villager (Male) |
| 0:07 | Create | Villager (Male) |
| 0:08 | Create | Villager (Male) |
| 0:08 | Create | Villager (Male) |
| 0:08 | Create | Villager (Male) |
| 0:08 | Create | Villager (Male) |
| 0:09 | Create | Villager (Male) |
| 0:09 | Create | Villager (Male) |
| 0:35 | Build | Town Center |
| 0:36 | Build | Town Center |
| 0:37 | Build | Town Center |
| 1:24 | Build | House |
| 1:25 | Build | House |
| 1:26 | Build | House |
| 1:27 | Build | House |
| 1:29 | Build | House |
| 1:30 | Build | House |
| 1:31 | Build | House |
| 1:32 | Build | House |
| 1:34 | Build | House |
| 1:36 | Build | House |
| 1:51 | Create | Villager (Male) |
| 1:51 | Create | Villager (Male) |
| 3:03 | Build | Lumber Camp |
Build order — rikrdocal_ant159
First 150 of 378 actions detected
| 0:02 | Create | Villager (Male) |
| 0:03 | Create | Villager (Male) |
| 0:03 | Create | Villager (Male) |
| 0:07 | Build | House |
| 0:22 | Build | Town Center |
| 0:25 | Build | Town Center |
| 0:31 | Build | Town Center |
| 0:39 | Create | Villager (Male) |
| 1:07 | Create | Villager (Male) |
| 1:07 | Create | Villager (Male) |
| 1:08 | Create | Villager (Male) |
| 1:25 | Build | House |
| 1:27 | Build | House |
| 1:29 | Build | House |
| 1:40 | Create | Villager (Male) |
| 1:40 | Create | Villager (Male) |
| 1:47 | Create | Villager (Male) |
| 1:47 | Create | Villager (Male) |
| 1:48 | Create | Villager (Male) |
| 1:48 | Create | Villager (Male) |
| 1:48 | Create | Villager (Male) |
| 1:49 | Create | Villager (Male) |
| 1:49 | Create | Villager (Male) |
| 2:48 | Create | Villager (Male) |
| 2:49 | Create | Villager (Male) |
| 2:49 | Create | Villager (Male) |
| 2:49 | Create | Villager (Male) |
| 2:50 | Create | Villager (Male) |
| 2:50 | Create | Villager (Male) |
| 2:51 | Create | Villager (Male) |
| 2:51 | Create | Villager (Male) |
| 2:51 | Create | Villager (Male) |
| 2:52 | Create | Villager (Male) |
| 2:52 | Create | Villager (Male) |
| 2:52 | Create | Villager (Male) |
| 2:52 | Create | Villager (Male) |
| 2:53 | Create | Villager (Male) |
| 2:56 | Create | Villager (Male) |
| 2:57 | Create | Villager (Male) |
| 2:57 | Create | Villager (Male) |
| 2:57 | Create | Villager (Male) |
| 2:57 | Create | Villager (Male) |
| 3:04 | Build | Lumber Camp |
| 3:15 | Create | Villager (Male) |
| 3:16 | Create | Villager (Male) |
| 3:17 | Create | Villager (Male) |
| 3:21 | Create | Villager (Male) |
| 3:45 | Build | Market |
| 3:48 | Build | Market |
| 3:50 | Build | Market |
| 3:55 | Build | Lumber Camp |
| 4:06 | Create | Villager (Male) |
| 4:07 | Create | Villager (Male) |
| 4:07 | Create | Villager (Male) |
| 4:08 | Create | Villager (Male) |
| 4:08 | Create | Villager (Male) |
| 4:08 | Create | Villager (Male) |
| 4:08 | Create | Villager (Male) |
| 4:09 | Create | Villager (Male) |
| 4:09 | Create | Villager (Male) |
| 4:09 | Create | Villager (Male) |
| 4:10 | Create | Villager (Male) |
| 4:10 | Create | Villager (Male) |
| 4:10 | Create | Villager (Male) |
| 4:11 | Create | Villager (Male) |
| 4:11 | Create | Villager (Male) |
| 4:14 | Create | Villager (Male) |
| 4:14 | Create | Villager (Male) |
| 4:15 | Create | Villager (Male) |
| 4:15 | Create | Villager (Male) |
| 4:15 | Create | Villager (Male) |
| 4:17 | Create | Villager (Male) |
| 4:17 | Create | Villager (Male) |
| 4:20 | Create | Villager (Male) |
| 4:20 | Create | Villager (Male) |
| 4:38 | Build | Castle |
| 4:41 | Build | Stable |
| 4:55 | Build | Stable |
| 4:58 | Build | Stable |
| 5:16 | Create | Knight |
| 5:17 | Create | Knight |
| 5:17 | Create | Knight |
| 5:17 | Create | Knight |
| 5:18 | Create | Knight |
| 5:32 | Build | House |
| 5:33 | Build | House |
| 5:34 | Build | House |
| 5:36 | Build | House |
| 5:37 | Build | House |
| 5:39 | Build | House |
| 6:05 | Create | Knight |
| 6:05 | Create | Knight |
| 6:05 | Create | Knight |
| 6:06 | Create | Knight |
| 6:06 | Create | Knight |
| 7:03 | Build | Stable |
| 7:10 | Build | Barracks |
| 7:12 | Build | Barracks |
| 7:22 | Build | Castle |
| 7:37 | Build | Archery Range |
| 7:39 | Build | Archery Range |
| 7:42 | Build | Archery Range |
| 7:45 | Build | Archery Range |
| 7:56 | Create | Trade Cart |
| 7:57 | Create | Trade Cart |
| 7:57 | Create | Trade Cart |
| 7:58 | Create | Trade Cart |
| 7:58 | Create | Trade Cart |
| 8:01 | Create | Trade Cart |
| 8:01 | Create | Trade Cart |
| 8:02 | Create | Trade Cart |
| 8:02 | Create | Trade Cart |
| 8:02 | Create | Trade Cart |
| 8:02 | Create | Trade Cart |
| 8:03 | Create | Trade Cart |
| 8:03 | Create | Trade Cart |
| 8:03 | Create | Trade Cart |
| 8:04 | Create | Trade Cart |
| 8:04 | Create | Trade Cart |
| 8:04 | Create | Trade Cart |
| 8:05 | Create | Trade Cart |
| 8:05 | Create | Trade Cart |
| 8:05 | Create | Trade Cart |
| 8:06 | Create | Trade Cart |
| 8:06 | Create | Trade Cart |
| 8:06 | Create | Trade Cart |
| 8:06 | Create | Trade Cart |
| 8:07 | Create | Trade Cart |
| 8:07 | Create | Trade Cart |
| 8:07 | Create | Trade Cart |
| 8:08 | Create | Trade Cart |
| 8:09 | Create | Trade Cart |
| 8:09 | Create | Trade Cart |
| 8:09 | Create | Trade Cart |
| 8:10 | Create | Trade Cart |
| 8:10 | Create | Trade Cart |
| 8:10 | Create | Trade Cart |
| 8:11 | Create | Trade Cart |
| 8:11 | Create | Trade Cart |
| 8:11 | Create | Trade Cart |
| 8:11 | Create | Trade Cart |
| 8:12 | Create | Trade Cart |
| 8:12 | Create | Trade Cart |
| 8:12 | Create | Trade Cart |
| 8:13 | Create | Trade Cart |
| 8:13 | Create | Trade Cart |
| 8:13 | Create | Trade Cart |
| 8:25 | Build | House |
| 8:27 | Build | House |
| 8:30 | Build | House |
Build order — cyperhasual
First 150 of 173 actions detected
| 0:03 | Create | Villager (Male) |
| 0:03 | Create | Villager (Male) |
| 0:03 | Create | Villager (Male) |
| 0:04 | Create | Villager (Male) |
| 0:06 | Build | House |
| 0:23 | Build | Town Center |
| 0:25 | Build | Town Center |
| 0:30 | Build | Town Center |
| 0:38 | Create | Villager (Male) |
| 0:39 | Create | Villager (Male) |
| 0:39 | Create | Villager (Male) |
| 0:39 | Create | Villager (Male) |
| 0:40 | Create | Villager (Male) |
| 1:00 | Build | House |
| 1:01 | Build | House |
| 1:02 | Build | House |
| 1:04 | Build | House |
| 1:05 | Build | House |
| 1:06 | Create | Villager (Male) |
| 1:07 | Create | Villager (Male) |
| 2:07 | Create | Villager (Male) |
| 2:08 | Create | Villager (Male) |
| 2:08 | Create | Villager (Male) |
| 2:09 | Create | Villager (Male) |
| 2:24 | Build | Town Center |
| 2:27 | Create | Villager (Male) |
| 2:27 | Create | Villager (Male) |
| 2:28 | Create | Villager (Male) |
| 2:28 | Create | Villager (Male) |
| 3:32 | Create | Villager (Male) |
| 3:33 | Create | Villager (Male) |
| 3:33 | Create | Villager (Male) |
| 3:33 | Create | Villager (Male) |
| 3:34 | Create | Villager (Male) |
| 3:36 | Create | Villager (Male) |
| 3:37 | Create | Villager (Male) |
| 3:38 | Create | Villager (Male) |
| 3:38 | Create | Villager (Male) |
| 3:49 | Build | Stable |
| 3:49 | Build | Stable |
| 3:52 | Build | Stable |
| 3:54 | Build | Stable |
| 3:56 | Build | Stable |
| 3:57 | Build | Stable |
| 3:58 | Build | Stable |
| 4:00 | Build | Stable |
| 4:01 | Build | Stable |
| 4:03 | Build | Stable |
| 4:18 | Build | Siege Workshop |
| 4:26 | Build | Siege Workshop |
| 4:31 | Build | Siege Workshop |
| 4:33 | Build | Siege Workshop |
| 4:48 | Build | Stone Wall |
| 4:53 | Build | Building 673 |
| 5:08 | Build | Castle |
| 5:11 | Build | Castle |
| 5:19 | Create | Villager (Male) |
| 5:19 | Create | Villager (Male) |
| 5:20 | Create | Villager (Male) |
| 5:20 | Create | Villager (Male) |
| 5:20 | Create | Villager (Male) |
| 5:38 | Build | Stable |
| 5:38 | Build | Stable |
| 5:38 | Build | Stable |
| 5:39 | Build | Stable |
| 5:39 | Build | Stable |
| 5:39 | Build | Stable |
| 5:39 | Build | Stable |
| 5:47 | Build | Stable |
| 5:48 | Build | Stable |
| 5:48 | Build | Stable |
| 5:48 | Build | Stable |
| 5:48 | Build | Stable |
| 5:48 | Build | Stable |
| 5:49 | Build | Stable |
| 5:49 | Build | Stable |
| 5:49 | Build | Stable |
| 5:55 | Build | Mining Camp |
| 5:57 | Create | Villager (Male) |
| 5:58 | Create | Villager (Male) |
| 5:58 | Create | Villager (Male) |
| 5:58 | Create | Villager (Male) |
| 5:58 | Create | Villager (Male) |
| 6:16 | Build | House |
| 6:18 | Build | House |
| 6:20 | Build | House |
| 6:21 | Build | House |
| 6:23 | Create | Villager (Male) |
| 6:24 | Create | Villager (Male) |
| 6:25 | Create | Villager (Male) |
| 6:26 | Create | Villager (Male) |
| 6:39 | Build | Castle |
| 6:42 | Build | Mining Camp |
| 6:43 | Create | Villager (Male) |
| 6:44 | Create | Villager (Male) |
| 6:44 | Create | Villager (Male) |
| 6:44 | Create | Villager (Male) |
| 6:45 | Create | Villager (Male) |
| 7:26 | Create | Villager (Male) |
| 7:26 | Create | Villager (Male) |
| 7:26 | Create | Villager (Male) |
| 7:27 | Create | Villager (Male) |
| 7:27 | Create | Villager (Male) |
| 7:43 | Build | Lumber Camp |
| 7:52 | Build | Market |
| 7:59 | Build | Market |
| 8:00 | Build | Market |
| 8:02 | Build | Market |
| 8:42 | Create | Knight ×5 |
| 8:43 | Create | Knight ×5 |
| 8:43 | Create | Knight ×5 |
| 8:43 | Create | Knight ×5 |
| 8:43 | Create | Knight ×5 |
| 8:44 | Create | Knight ×5 |
| 8:44 | Create | Knight ×5 |
| 8:44 | Create | Knight ×5 |
| 8:45 | Create | Knight ×5 |
| 8:45 | Create | Knight ×5 |
| 8:45 | Create | Knight ×5 |
| 8:45 | Create | Knight ×5 |
| 8:46 | Create | Knight ×5 |
| 8:46 | Create | Knight ×5 |
| 8:46 | Create | Knight ×5 |
| 8:46 | Create | Knight ×5 |
| 8:46 | Create | Knight ×5 |
| 8:47 | Create | Knight ×5 |
| 8:47 | Create | Knight ×5 |
| 8:47 | Create | Knight ×5 |
| 8:47 | Create | Knight ×5 |
| 8:48 | Create | Knight ×5 |
| 8:48 | Create | Knight ×5 |
| 8:48 | Create | Knight ×5 |
| 8:48 | Create | Knight ×5 |
| 8:51 | Create | Villager (Male) |
| 8:51 | Create | Villager (Male) |
| 8:52 | Create | Villager (Male) |
| 8:52 | Create | Villager (Male) |
| 8:52 | Create | Villager (Male) |
| 8:52 | Create | Villager (Male) |
| 8:53 | Create | Villager (Male) |
| 8:53 | Create | Villager (Male) |
| 9:08 | Build | Farm |
| 9:28 | Build | House |
| 9:30 | Build | House |
| 9:31 | Build | House |
| 9:32 | Build | House |
| 9:50 | Build | Castle |
| 10:53 | Build | Castle |
| 10:57 | Build | Castle |
| 12:07 | Create | Trade Cart ×5 |
Build order — nateg295
First 150 of 165 actions detected
| 0:12 | Build | Castle |
| 0:19 | Create | Villager (Male) |
| 0:19 | Create | Villager (Male) |
| 0:19 | Create | Villager (Male) |
| 0:20 | Create | Villager (Male) |
| 0:20 | Create | Villager (Male) |
| 0:20 | Create | Villager (Male) |
| 0:21 | Create | Villager (Male) |
| 2:00 | Build | Castle |
| 2:11 | Build | Stable |
| 2:14 | Build | Stable |
| 3:07 | Create | Villager (Male) |
| 3:08 | Create | Villager (Male) |
| 3:08 | Create | Villager (Male) |
| 3:08 | Create | Villager (Male) |
| 3:09 | Create | Villager (Male) |
| 3:09 | Create | Villager (Male) |
| 3:19 | Build | Castle |
| 3:43 | Create | Knight |
| 3:43 | Create | Knight |
| 3:43 | Create | Knight |
| 3:43 | Create | Knight |
| 3:44 | Create | Knight |
| 3:44 | Create | Knight |
| 3:44 | Create | Knight |
| 3:44 | Create | Knight |
| 3:45 | Create | Knight |
| 3:45 | Create | Knight |
| 3:45 | Create | Knight |
| 3:46 | Create | Knight |
| 3:46 | Create | Knight |
| 3:46 | Create | Knight |
| 4:48 | Create | Knight |
| 4:48 | Create | Knight |
| 4:48 | Create | Knight |
| 4:48 | Create | Knight |
| 4:48 | Create | Knight |
| 4:48 | Create | Knight |
| 4:49 | Create | Knight |
| 4:49 | Create | Knight |
| 4:49 | Create | Knight |
| 4:50 | Create | Knight |
| 4:50 | Create | Knight |
| 4:50 | Create | Knight |
| 4:50 | Create | Knight |
| 4:51 | Create | Knight |
| 4:51 | Create | Knight |
| 4:52 | Create | Knight |
| 5:01 | Build | Stable |
| 5:11 | Build | Castle |
| 5:27 | Create | Samurai |
| 5:27 | Create | Samurai |
| 5:28 | Create | Samurai |
| 5:28 | Create | Samurai |
| 5:28 | Create | Samurai |
| 5:29 | Create | Samurai |
| 5:29 | Create | Samurai |
| 5:29 | Create | Samurai |
| 5:29 | Create | Samurai |
| 5:30 | Create | Samurai |
| 5:30 | Create | Samurai |
| 5:30 | Create | Samurai |
| 5:31 | Create | Samurai |
| 5:37 | Create | Villager (Male) |
| 5:38 | Create | Villager (Male) |
| 5:38 | Create | Villager (Male) |
| 5:38 | Create | Villager (Male) |
| 5:39 | Create | Villager (Male) |
| 5:55 | Build | Siege Workshop |
| 6:03 | Build | Siege Workshop |
| 6:18 | Create | Knight |
| 6:18 | Create | Knight |
| 6:19 | Create | Knight |
| 6:19 | Create | Knight |
| 6:19 | Create | Knight |
| 6:19 | Create | Knight |
| 6:20 | Create | Knight |
| 6:20 | Create | Knight |
| 6:20 | Create | Knight |
| 6:21 | Create | Knight |
| 6:21 | Create | Knight |
| 6:21 | Create | Knight |
| 6:22 | Create | Knight |
| 6:22 | Create | Knight |
| 6:39 | Build | Castle |
| 6:46 | Create | Scorpion |
| 6:47 | Create | Scorpion |
| 6:47 | Create | Scorpion |
| 6:47 | Create | Scorpion |
| 6:48 | Create | Scorpion |
| 6:48 | Create | Scorpion |
| 6:48 | Create | Scorpion |
| 6:48 | Create | Scorpion |
| 6:48 | Create | Scorpion |
| 6:49 | Create | Scorpion |
| 6:49 | Create | Scorpion |
| 6:49 | Create | Scorpion |
| 6:50 | Create | Scorpion |
| 6:50 | Create | Scorpion |
| 6:50 | Create | Scorpion |
| 7:02 | Create | Samurai |
| 7:02 | Create | Samurai |
| 7:02 | Create | Samurai |
| 7:03 | Create | Samurai |
| 7:03 | Create | Samurai |
| 7:03 | Create | Samurai |
| 7:03 | Create | Samurai |
| 7:04 | Create | Samurai |
| 7:04 | Create | Samurai |
| 7:04 | Create | Samurai |
| 7:04 | Create | Samurai |
| 7:05 | Create | Samurai |
| 7:05 | Create | Samurai |
| 7:05 | Create | Samurai |
| 7:35 | Build | Castle |
| 7:44 | Build | Castle |
| 12:07 | Create | Knight |
| 12:08 | Create | Knight |
| 12:08 | Create | Knight |
| 12:08 | Create | Knight |
| 12:09 | Create | Knight |
| 12:09 | Create | Knight |
| 12:10 | Create | Knight |
| 12:10 | Create | Knight |
| 12:10 | Create | Knight |
| 12:10 | Create | Knight |
| 12:10 | Create | Knight |
| 12:11 | Create | Knight |
| 12:16 | Create | Knight |
| 12:16 | Create | Knight |
| 12:17 | Create | Knight |
| 12:17 | Create | Knight |
| 12:17 | Create | Knight |
| 12:23 | Create | Knight |
| 12:24 | Create | Knight |
| 12:24 | Create | Knight |
| 12:24 | Create | Knight |
| 12:24 | Create | Knight |
| 12:24 | Create | Knight |
| 12:25 | Create | Knight |
| 12:25 | Create | Knight |
| 12:26 | Create | Knight |
| 12:26 | Create | Knight |
| 12:29 | Create | Samurai |
| 12:29 | Create | Samurai |
| 12:29 | Create | Samurai |
| 12:29 | Create | Samurai |
| 12:32 | Create | Samurai |
| 12:32 | Create | Samurai |
| 12:33 | Create | Samurai |
Match timeline
| 0:12 | nateg295 · first_building Castle |
| 2:11 | nateg295 · first_building Stable |
| 3:49 | cyperhasual · first_building Stable |
| 3:54 | jw600345 · first_building Castle |
| 4:18 | cyperhasual · first_building Siege Workshop |
| 4:38 | rikrdocal_ant159 · first_building Castle |
| 4:41 | rikrdocal_ant159 · first_building Stable |
| 4:45 | FeRcHuZ · resign |
| 4:48 | cyperhasual · wall_segment Stone Wall x30 |
| 5:08 | cyperhasual · first_building Castle |
| 5:47 | HILLBILLY1111 · first_building Castle |
| 5:55 | nateg295 · first_building Siege Workshop |
| 7:10 | rikrdocal_ant159 · first_building Barracks |
| 7:31 | jw600345 · first_market_buy 100 stone |
| 7:37 | rikrdocal_ant159 · first_building Archery Range |
| 8:03 | jw600345 · wall_segment Stone Wall x12 |
| 11:50 | rikrdocal_ant159 · first_building Siege Workshop |
| 14:31 | jw600345 · first_market_sell 500 food |
[ AI ANALYSIS · 1 CREDIT ]
What really happened in this match?
Wolo.gg analyzes every decision: build order, eco, micro, common mistakes by bracket. Personalized analysis on WhatsApp or Discord in 30 seconds.
Civ guide
Persians
Map guide
Amazon Tunnel
Perfil
HILLBILLY1111